 Dungeon Crawl Stone Soup version 0.29-a0-872-g797fff5ad1 (webtiles) character file.

Game seed: 6813629420854958593

120 jimonade the Ruffian (level 5, -1/26 HPs)
             Began as a Vine Stalker Transmuter on July 18, 2022.
             Slain by a gnoll
             ... wielding a +0 halberd
              (9 damage)
             ... on level 3 of the Dungeon.
             The game lasted 00:05:19 (1767 turns).

jimonade the Ruffian (Vine Stalker Transmuter)      Turns: 1767, Time: 00:05:20

Health: -1/26      AC:  2    Str: 15    XL:     5   Next: 4%
Magic:  0/10       EV: 12    Int: 13    God:
Gold:   139        SH:  0    Dex: 14    Spells: 7/10 levels left

rFire   . . .      SeeInvis .     - Unarmed
rCold   . . .      Faith    .   (no shield)
rNeg    . . .      Spirit   +   a - +0 robe
rPois   .          Reflect  .   (helmet currently unavailable)
rElec   .          Harm     .   (no cloak)
rCorr   .          Rampage  .   (no gloves)
Will    .....                   (boots currently unavailable)
Stlth   +.........              (no amulet)
HPRegen 0.88/turn               (no ring)
MPRegen 0.12/turn               (no ring)

@: appendages (expiring)
A: horns 2, talons 2, fangs 2, regeneration 1, magic shield, antimagic bite, no
potion heal 2
a: End Transformation


You were on level 3 of the Dungeon.
You had temporarily grown beastly horns and talons.
You visited 1 branch of the dungeon, and saw 3 of its levels.

You collected 139 gold pieces.

Inventory:

Missiles
 c - 10 javelins
 k - 5 poisoned darts
Armour
 a - a +0 robe (worn)
Scrolls
 d - 2 scrolls of vulnerability
 f - a scroll of identify {unknown}
 h - a scroll of brand weapon {unknown}
 i - a scroll of teleportation {unknown}
 m - a scroll of immolation {unknown}
Potions
 b - 2 potions of lignification
 g - a potion of brilliance {unknown}
 j - a potion of curing {unknown}
 l - a potion of flight {unknown}


   Skills:
 * Level 1.9 Fighting
 + Level 1.9 Dodging
 + Level 3.9 Unarmed Combat
 * Level 3.3 Spellcasting
 + Level 2.4 Transmutations


You had 7 spell levels left.
You knew the following spells:

 Your Spells              Type           Power      Damage    Failure   Level
a - Beastly Appendage     Tmut           16%        N/A       9%          1
b - Wereblood             Tmut           8%         N/A       12%         2

Your spell library contained the following spells:

 Spells                   Type           Power      Damage    Failure   Level
 Spider Form              Tmut/Pois      5%         N/A       38%         3
 Ignite Poison            Fire/Tmut/Pois 4%         N/A       43%         3
 Mephitic Cloud           Conj/Pois/Air  2%         N/A       56%         3
 Ice Form                 Ice/Tmut       5%         N/A       80%         4
 Freezing Cloud           Conj/Ice/Air   1%         6-21      99%         5


Dungeon Overview and Level Annotations

Branches:
Dungeon (3/15)

Altars:


Innate Abilities, Weirdness & Mutations

You have temporarily grown beastly horns and talons.
You have extremely sharp teeth.
Your natural rate of healing is unusually fast.
When hurt, damage is shared between your health and your magic reserves.
Your bite disrupts and absorbs the magic of your enemies.
Potions cannot restore your health.


Message History

Your horns disappear.
Your talons disappear.
You start resting.
HP restored.
You start resting.
Magic restored.
You grow a pair of large bovine horns.
Your feet morph into talons.
You climb downwards.
You hear the sound of rushing water.
There is an entrance to a sewer on this level.
Hurry and find it before the portal rusts away!
You hear the slow rusting of a drain very nearby.
An orc wizard comes into view. It is wielding a +0 dagger.
The rat bites you. The kobold hits you with a +0 whip. The kobold misses you.
The gnoll barely misses you. The rat bites you.
There is a stone staircase leading up, spattered with blood here.
The orc wizard shouts!
You hit the kobold. You punch the kobold.
You kill the kobold!
The orc wizard mumbles some strange words.
The orc wizard flickers and vanishes!
Deactivating autopickup; reactivate with Ctrl-A.
The gnoll hits you from afar with a +0 halberd.
The rat misses you. The orc hits you but does no damage.
The gnoll closely misses you.
Items here: (( )) †.
You hit the gnoll but do no damage.
You headbutt the gnoll, but do no damage.
The orc hits you with a +0 club. The gnoll hits you with a +0 halberd!
The rat barely misses you.
You hit the gnoll. Your kick misses the gnoll. Your headbutt misses the gnoll.
The gnoll is lightly wounded.
You hit the gnoll but do no damage.
The gnoll is lightly wounded.
The orc hits you with a +0 club. The rat closely misses you.
The gnoll misses you.
You hit the gnoll. You headbutt the gnoll!
You bite the gnoll, but do no damage.
The gnoll is almost dead.
Your transformation is almost over.
The rat bites you. The gnoll hits you with a +0 halberd!
You die...

*,,********,..*..* ***,**
*,..#.#* ,,,,* *,,.#.# ,****
***...# ,,,* *#..# **,*******
#..# ,,,>,,,,,** #..#
,,,*****,,**** #r.# **,**
**,,,,**#@o#***
*,,*******#..!.g....#*
*,,,,,,***#####.#.#..#**
**,,,*,,,,,,,,.........#
***,,*****,,...#....### *
**,*****,####......#****
******,,,,,*,* *.......,,,****
,,,,,,,,,,,,,****..o....**,,,,**
**,*******,,,,*,,,,,,,,,,,,,,,,*


You could see a gnoll, an orc and a rat.

Vanquished Creatures
  2 gnolls
  3 adders (D:2)
  A worm (D:2)
  2 dart slugs (D:1)
  3 orcs (D:2)
  5 ball pythons
  3 bats
  7 endoplasms
  4 giant cockroaches
  6 goblins
  5 hobgoblins
  5 quokkas
  3 frilled lizards (D:1)
  8 kobolds
  2 rats (D:1)
59 creatures vanquished.

Notes
Turn   | Place    | Note
-------+----------+-------------------------------------------
     0 | D:1      | jimonade the Vine Stalker Transmuter began the quest for
                  | the Orb.
     0 | D:1      | Reached XP level 1. HP: 9/9 MP: 4/4
   202 | D:1      | Reached skill level 1 in Fighting
   257 | D:1      | Reached XP level 2. HP: 10/14 MP: 4/6
   695 | D:1      | Reached XP level 3. HP: 17/18 MP: 7/7
   751 | D:1      | Learned a level 2 spell: Wereblood
  1241 | D:2      | Gained mutation: Your natural rate of healing is unusually
                  | fast. [Vine Stalker growth]
  1241 | D:2      | Reached XP level 4. HP: 19/22 MP: 7/9
  1367 | D:2      | Found a faded altar of an unknown god.
  1702 | D:2      | Reached XP level 5. HP: 6/26 MP: 3/10
  1767 | D:3      | Slain by a gnoll

Illustrated notes

Levels and vault maps discovered:
D:1:      dpeg_arrival_round_c, layout_basic
D:2:      layout_rooms, hellmonk_ecumenical_altar_heavens_door
D:3:      layout_rooms, portal_sewer_entry_a

Skill      XL: |  1  2  3 |
---------------+----------+-----
Fighting       | 1 |  1.9
Spellcasting   | 3 |  3.3
Dodging        | |  1.9
Unarmed Combat | |  3.9
Transmutations | |  2.4

Action                   |  1- 3 |  4- 6 || total
-------------------------+-------+-------++-------
Melee: Unarmed           |    90 |    39 ||   129
       Kick              |    19 |     8 ||    27
       Bite              |    20 |     5 ||    25
       Headbutt          |     9 |     8 ||    17
       Punch             |     1 |     3 ||     4
 Cast: Beastly Appendage |    25 |     9 ||    34
  Use: Scroll            |       |     2 ||     2
 Stab: Sleeping          |     1 |       ||     1
Armor: Robe              |    14 |     7 ||    21
Dodge: Dodged            |    59 |    43 ||   102

Table legend: (Time is in decaauts)
 A = Elapsed time spent in this place.
 B = Non-inter-level travel time spent in this place.
 C = Inter-level travel time spent in this place.
 D = Time resting spent in this place.
 E = Time spent auto-exploring this place.
 F = Levels seen in this place.
 G = Mean time per level.
                   A        B        C        D        E       F      G
               +--------+--------+--------+--------+--------+-----+--------+
         Total |   1761 |   1732 |     29 |    142 |   1183 |   3 |  587.0 |
       Dungeon |   1761 |   1732 |     29 |    142 |   1183 |   3 |  587.0 |
               +--------+--------+--------+--------+--------+-----+--------+

Top non-repeatable levels by time:
     D:1: 1057 daAuts
     D:2: 677 daAuts
     D:3: 26 daAuts
